 Dungeon Crawl Stone Soup version 0.30.0 (webtiles) character file.

Game seed: 1900423526458793833

765 SubZero71 the Cleaver (level 7, 0/61 HPs)
             Began as a Minotaur Monk on Jan 13, 2024.
             Slain by a killer bee (2 damage)
             ... on level 5 of the Dungeon.
             The game lasted 00:29:59 (3845 turns).

SubZero71 the Cleaver (Minotaur Monk)               Turns: 3845, Time: 00:30:01

Health: 0/61       AC: 11    Str: 18    XL:     7   Next: 51%
Magic:  6/6        EV:  9    Int:  7    God:
Gold:   335        SH:  0    Dex: 12    Spells: 6/6 levels left

rFire   . . .        a - +0 war axe
rCold   . . .        d - orb {light}
rNeg    . . .        b - +0 chain mail
rPois   .            (helmet restricted)
rElec   .            z - +0 cloak
rCorr   .            (no gloves)
SInv    .            B - +0 pair of boots
Will    .....        (no amulet) Stlth
                     (no ring)
HPRegen 0.30/turn    (no ring)
MPRegen 0.10/turn

%: no passive effects
@: lethally poisoned (0 -> -8), glowing
A: horns 2, retaliatory headbutt
a: no special abilities


You were on level 5 of the Dungeon.
You visited 1 branch of the dungeon, and saw 5 of its levels.
You also visited: Sewer.

You collected 384 gold pieces.
You spent 49 gold pieces at shops.

Inventory:

Hand Weapons
 a - a +0 war axe (weapon)
 m - the +1 sling of the Charmed God {freeze, Dex+2}
   (You found it on level 2 of the Dungeon)

   Dex:       It affects your dexterity (+2).
 A - a +0 morningstar
Missiles
 l - 5 curare-tipped darts (quivered)
 q - 8 poisoned darts
 C - a silver boomerang
 I - a throwing net
Armour
 b - a +0 chain mail (worn)
 d - an orb of light (worn)
 j - a +0 buckler
 z - a +0 cloak (worn)
 B - a +0 pair of boots (worn)
Jewellery
 J - an amulet of magic regeneration
Wands
 r - a wand of flame (20)
 y - a wand of roots (9)
Scrolls
 e - a scroll of vulnerability {unknown}
 o - 2 scrolls of poison {unknown}
 p - a scroll of butterflies {unknown}
 s - a scroll of amnesia {unknown}
 t - a scroll of noise {unknown}
 u - a scroll of immolation {unknown}
 v - a scroll of teleportation {unknown}
 D - a scroll of fear {unknown}
 F - a scroll of magic mapping {unknown}
 G - a scroll of enchant armour {unknown}
 L - 4 scrolls of identify
Potions
 c - a potion of ambrosia
 f - a potion of berserk rage {unknown}
 g - 6 potions of curing {unknown}
 h - 2 potions of mutation
 i - 2 potions of heal wounds
 k - 4 potions of cancellation {unknown}
 n - 3 potions of magic {unknown}
 w - a potion of brilliance {unknown}
 x - a potion of invisibility {unknown}
 E - a potion of attraction {unknown}
 H - a potion of lignification {unknown}
 K - a potion of resistance {unknown}


   Skills:
 + Level 5.2 Fighting
 * Level 8.6 Axes
 + Level 3.8 Armour
 + Level 4.2 Dodging


You had 6 spell levels left.
You didn't know any spells.
Your spell library contained the following spells:

 Spells                   Type           Power      Damage    Failure   Level
 Foxfire                  Conj/Fire      0%         2x1d4     99%         1
 Sublimation of Blood     Necr           0%         N/A       99%         2
 Hailstorm                Conj/Ice       0%         3d3       100%        3
 Ozocubu's Armour         Ice            0%         N/A       100%        3
 Ice Form                 Ice/Tmut       0%         N/A       100%        4
 Leda's Liquefaction      Hex/Erth       0%         N/A       100%        4
 Petrify                  Tmut/Erth      0%         N/A       100%        4
 Fireball                 Conj/Fire      0%         3d3       100%        5
 Irradiate                Conj/Tmut      0%         3d11      100%        5
 Lee's Rapid Deconstruct  Erth           0%         3d4*      100%        5
 Metabolic Englaciation   Hex/Ice        0%         N/A       100%        5
 Plasma Beam              Fire/Air       0%         2x1d11    100%        6
 Simulacrum               Ice/Necr       0%         N/A       100%        6
 Starburst                Conj/Fire      0%         6d3       100%        6
 Statue Form              Tmut/Erth      0%         N/A       100%        6


Dungeon Overview and Level Annotations

Branches:
Dungeon (5/15)              Sewer (visited)
 Temple: D:4-7

Altars:

Shops:
D:3 (   D:4 =


Innate Abilities, Weirdness & Mutations

You have a pair of horns on your head.
You reflexively headbutt those who attack you in melee.


Message History

You feel sick.
The killer bee stings you but does no damage.
The killer bee closely misses you. You furiously retaliate!
You headbutt the killer bee!
You kill the killer bee!
Your Fighting skill increases to level 5!
You barely miss the killer bee.
You feel sick. The killer bee barely misses you.
The killer bee stings you but does no damage.
You closely miss the killer bee.
You feel sick. The killer bee stings you.
* * * LOW HITPOINT WARNING * * *
The killer bee barely misses you.
You barely miss the killer bee.
You feel sick. The killer bee stings you.
* * * LOW HITPOINT WARNING * * *
You are more poisoned.
The killer bee poisons you!
The killer bee stings you but does no damage.
You slash the killer bee! Your headbutt misses the killer bee.
The killer bee is severely wounded.
You feel sick.
The killer bee stings you but does no damage. x3
You slash the killer bee!
You kill the killer bee!
You feel sick.
The killer bee stings you but does no damage.
You barely miss the killer bee.
You feel sick. The killer bee misses you. The killer bee barely misses you.
You slash the killer bee! Your headbutt misses the killer bee.
The killer bee is heavily wounded.
You feel sick. The killer bee stings you.
* * * LOW HITPOINT WARNING * * *
You are lethally poisoned!
The killer bee poisons you! The killer bee barely misses you.
You closely miss the killer bee. Your headbutt misses the killer bee.
The killer bee is heavily wounded.
* * * LOW HITPOINT WARNING * * *
You feel very sick. The killer bee barely misses you. You furiously retaliate!
You headbutt the killer bee. The killer bee stings you.
You die...

......##.......#....# #.
.............<.#....# #.
..........### #....# ##.
..........# #....###..
..........# #....'.>..
..........######....##...
########........######...
#y######.######^..
#@#~~.~#......#...
#.##''##.####.#... ###
#..#~~#..# #.#... #<#
##.##~~##.# #.#... #.#
#..#~~~~#.# #.#.#' #.#
#..#~~~~#.## #.#.#. #.#
#..##~~##..# #.#.#. #†#
#...#~÷#...# #.#.#. #.#
#.#.'##'...# #.#†#.


You could see a killer bee.

Vanquished Creatures
  A phantom (D:4)
  3 killer bees (D:5)
  A hound (D:4)
  An orc priest (D:4)
  Crazy Yiuf (D:3)
  3 jellies (Sewer)
  3 iguanas
  2 orc wizards (D:4)
  9 adders
  2 river rats (Sewer)
  6 worms
  3 dart slugs
  7 orcs
  19 endoplasms
  9 giant cockroaches
  4 goblins
  6 hobgoblins
  A jackal (D:3)
  10 kobolds
  7 quokkas
  15 ball pythons
  9 bats
  7 frilled lizards
  10 rats
139 creatures vanquished.

Notes
Turn   | Place    | Note
-------+----------+-------------------------------------------
     0 | D:1      | SubZero71 the Minotaur Monk began the quest for the Orb.
     0 | D:1      | Reached XP level 1. HP: 19/19 MP: 0/0
   118 | D:1      | Reached skill level 4 in Axes
   129 | D:1      | Reached XP level 2. HP: 21/27 MP: 1/1
   461 | D:1      | Found a faded altar of an unknown god.
   768 | D:2      | Reached XP level 3. HP: 31/33 MP: 2/2
   777 | D:2      | Identified the +1 sling of the Charmed God {freeze, Dex+2}
  1101 | D:2      | Reached XP level 4. HP: 40/40 MP: 3/3
  1175 | D:2      | Reached skill level 1 in Armour
  1357 | D:2      | Reached skill level 5 in Axes
  1459 | D:3      | Found a runed translucent door.
  1460 | D:3      | Noticed Crazy Yiuf
  1547 | D:3      | Found Qeruidua's Weapon Boutique.
  1603 | D:3      | Bought a +0 war axe for 49 gold pieces
  1805 | D:3      | Killed Crazy Yiuf
  1806 | D:3      | Reached XP level 5. HP: 39/46 MP: 4/4
  1952 | D:4      | Reached skill level 6 in Axes
  2067 | D:4      | Noticed a phantom
  2079 | D:4      | Killed a phantom
  2080 | D:4      | Reached XP level 6. HP: 53/53 MP: 5/5
  2113 | D:4      | Reached skill level 7 in Axes
  2733 | D:4      | Found Zuadd's Jewellery Shoppe.
  3218 | D:5      | Entered Level 5 of the Dungeon
  3399 | D:5      | Found a glowing drain.
  3403 | Sewer    | Entered a sewer
  3477 | Sewer    | Reached XP level 7. HP: 60/60 MP: 6/6
  3599 | Sewer    | Reached skill level 8 in Axes
  3688 | Sewer    | Found a viscous altar of Jiyva.
  3838 | D:5      | Reached skill level 5 in Fighting
  3845 | D:5      | HP: 2/61 [poisoned by a killer bee]
  3845 | D:5      | Slain by a killer bee

Illustrated notes

Levels and vault maps discovered:
D:1:      psy_arrival_dodecagon, layout_loops_ring,
          shapermc_ecumenical_altar_acropolis
D:2:      minmay_spotlight, layout_rooms, hangedman_abyss_or_decor_lesser_grid,
          minmay_ruptured
D:3:      layout_rooms, serial_shops, shop_coins, minmay_unequal,
          uniq_crazy_yiuf_cottage
D:4:      layout_layer_cave, serial_shops, nicolae_lakefront_shop
D:5:      layout_basic, serial_shops, nicolae_shop_competitors_out_of_business,
          gup_sewer_entry_bowl, uniq_pikel, uniq_blork_the_orc

Skill      XL: |  1  2  3  4  5  6  7 |
---------------+----------------------+-----
Axes           | 4 5 6 7 8 |  8.6
Fighting       | 4 5 |  5.2
Dodging        | 4 |  4.2
Armour         | 2 3 |  3.8

Action                     |  1- 3 |  4- 6 |  7- 9 || total
---------------------------+-------+-------+-------++-------
  Melee: Hand axe          |    86 |    44 |       ||   130
         Headbutt          |    15 |    32 |     4 ||    51
         War axe           |       |    94 |    46 ||   140
    Use: Scroll            |       |     2 |       ||     2
 Armour: Robe              |     4 |       |       ||     4
         Chain mail        |    35 |    74 |    28 ||   137
  Dodge: Dodged            |    43 |    63 |    18 ||   124
